 Dungeon Crawl Stone Soup version 0.31-a0-1537-g69dc257577 (webtiles) character file.

Game seed: 10176103078463087713

956 SippyKot the Cudgeller (level 7, -3/58 HPs)
             Began as a Green Draconian Gladiator on Jan 1, 2024.
             Was an Elder of Zin.
             Killed by the air
             ... invoked by vurker's ghost
              (14 damage)
             ... on level 6 of the Dungeon.
             The game lasted 00:42:24 (4439 turns).

SippyKot the Cudgeller (Green Draconian Gladiator)  Turns: 4439, Time: 00:42:24

Health: -3/58      AC:  9    Str: 17    XL:     7   Next: 91%
Magic:  7/7        EV: 11    Int:  8    God:    Zin [****..]
Gold:   29         SH: 13    Dex: 17    Spells: 6/6 levels left

rFire   . . .        a - +0 flail (venom)
rCold   . . .        l - +0 tower shield
rNeg    . . .        (body armour unavailable)
rPois   +            b - +0 hat
rElec   .            (no cloak)
rCorr   .            n - +2 pair of gloves {Dex+3}
SInv    .            (no boots)
Will    .....        x - amulet of the acrobat
Stlth   ++           (no ring)
HPRegen 0.29/turn    (no ring)
MPRegen 0.10/turn

%: acrobat
@: short of breath
A: breathe noxious fumes, AC +6, unfitting armour, poison resistance,
cold-blooded
a: Breathe Noxious Fumes, Renounce Religion, Recite, Vitalisation, Imprison,
Donate Gold


You were on level 6 of the Dungeon.
You worshipped Zin.
Zin was greatly pleased with you.
You visited 1 branch of the dungeon, and saw 6 of its levels.

You collected 299 gold pieces.
You spent 205 gold pieces at shops.
You donated 65 gold pieces to Zin.

Inventory:

Hand Weapons
 a - a +0 flail of venom (weapon)
 e - a +0 whip
 f - a +1 sling of freezing
Missiles
 c - 4 throwing nets (quivered)
 d - a javelin
 h - 67 stones
 i - 2 curare-tipped darts
 u - 10 poisoned darts
Armour
 b - a +0 hat (worn)
 l - a +0 tower shield (worn)
 n - a +2 pair of gloves of dexterity (worn)
Jewellery
 x - an amulet of the acrobat (around neck)
Talismans
 o - a maw talisman
Scrolls
 g - 3 scrolls of identify
 m - a scroll of immolation
 p - 2 scrolls of teleportation
 r - 4 scrolls of fog
 s - a scroll of silence {unknown}
 t - a scroll of enchant weapon {unknown}
Potions
 j - 3 potions of curing
 k - a potion of cancellation {unknown}
 q - 2 potions of berserk rage
 v - a potion of brilliance {unknown}
 w - a potion of might {unknown}
 z - a potion of resistance {unknown}


   Skills:
 + Level 3.9 Fighting
 + Level 6.4 Maces & Flails
 + Level 0.8 Ranged Weapons
 + Level 2.0 Throwing
 + Level 4.9 Dodging
 + Level 2.2 Stealth
 + Level 3.0 Shields


You had 6 spell levels left.
You didn't know any spells.
Your spell library contained the following spells:

 Spells                   Type           Power      Damage    Failure   Level
 Magic Dart               Conj           0%         1d3       99%         1
 Blink                    Tloc           0%         N/A       100%        2
 Call Imp                 Summ           0%         N/A       100%        2
 Inner Flame              Hex/Fire       0%         N/A       100%        3
 Flame Wave               Conj/Fire      0%         2d4       100%        4
 Olgreb's Toxic Radiance  Alch           0%         N/A       100%        4
 Sticky Flame             Fire/Alch      0%         2d4       100%        4
 Ozocubu's Refrigeration  Ice            0%         4d7       100%        7
 Discord                  Hex            0%         N/A       100%        8


Dungeon Overview and Level Annotations

Branches:
Dungeon (6/15)
 Temple: D:4-7

Altars:
Cheibriados
Dithmenos
Hepliaklqana
Okawaru
Zin
The Shining One

Shops:
D:3 *   D:6 :

Annotations:
D:6 vurker's ghost, novice DjAE


Innate Abilities, Weirdness & Mutations

You can breathe blasts of noxious fumes.
Your lurid green scales are hard. (AC +6)
You cannot fit into any form of body armour.
Your system is resistant to poisons. (rPois)
You are cold-blooded and may be slowed by cold attacks.


Message History

The ufetubus is almost dead.
You kill the ufetubus!
You block the ufetubus's attack. x2; The ufetubus closely misses you.
You block the ufetubus's attack.
You thump the ufetubus!
You kill the ufetubus!
g - 3 scrolls of identify (gained 1)
Found a runed translucent door.
Vurker's ghost turns its malevolent gaze towards you.
You open the door. You closely miss vurker's ghost.
Vurker's ghost casts a spell at you. The zap hits you but does no damage.
The zap hits you! Vurker's ghost hits you.
You hit vurker's ghost but do no damage.
Vurker's ghost hits you but does no damage.
Aiming: Breathe Noxious Fumes (5% risk of failure)
Press: ? - help, Shift-Dir - straight line You exhale a blast of noxious fumes.
The blast of choking fumes misses vurker's ghost.
Vurker's ghost mumbles some strange words.
Vurker's ghost puts on a burst of speed!
You barely miss vurker's ghost. Vurker's ghost hits you.
You closely miss vurker's ghost.
Vurker's ghost hits you but does no damage.
Vurker's ghost points at you and mumbles some strange words.
The zap hits you! The zap misses you.
You hit vurker's ghost.
Vurker's ghost is lightly damaged.
Vurker's ghost points at you and mumbles some strange words.
The zap hits you! x2
Vurker's ghost attacks as it pursues you!
Vurker's ghost hits you.
Vurker's ghost waves its arms in wide circles.
The air twists around and strikes you!
* * * LOW HITPOINT WARNING * * *
You closely miss vurker's ghost.
Vurker's ghost is lightly damaged.
Vurker's ghost waves its arms in wide circles.
The air twists around and strikes you!
You die...

#...............).###
#................##
##########.#...###
#.#...# #.#.###
#.#.#####...
######.#.........
###.............###
#.@.#############
#W##### #...#/♣#
#...'!8# ##..#.♣#
######


You could see vurker's ghost (swift).

Vanquished Creatures
  An ogre (D:4)
  2 kobold brigands (D:6)
  3 scorpions (D:5)
  A wight (D:6)
  A bombardier beetle (D:6)
  A howler monkey (D:6)
  3 hounds
  An orc priest (D:5)
  A jelly (D:4)
  6 orc wizards
  5 adders
  2 white imps
  2 ufetubi (D:6)
  3 dart slugs
  2 ribbon worms (D:4)
  5 orcs
  4 endoplasms
  2 giant cockroaches
  6 goblins
  8 hobgoblins
  4 jackals (D:1)
  5 quokkas
  5 ball pythons
  A bat (D:3)
  4 frilled lizards
  3 goblin skeletons (D:3)
  A goblin zombie (D:3)
  10 kobolds
  A kobold skeleton (D:3)
  3 kobold zombies (D:3)
  An orc zombie (D:3)
  3 rats
100 creatures vanquished.

Notes
Turn   | Place    | Note
-------+----------+-------------------------------------------
     0 | D:1      | SippyKot the Draconian Gladiator began the quest for the
                  | Orb.
     0 | D:1      | Reached XP level 1. HP: 17/17 MP: 1/1
   127 | D:1      | Reached XP level 2. HP: 8/24 MP: 2/2
   478 | D:1      | Found a faded altar of an unknown god.
   493 | D:1      | Prayed at the altar of an unknown god.
   493 | D:1      | Became a worshipper of Zin the Law-Giver
   493 | D:1      | Reached * piety under Zin
   845 | D:2      | Donated 36 gold pieces to Zin
   869 | D:2      | Reached ** piety under Zin
   943 | D:2      | Reached XP level 3. HP: 30/30 MP: 3/3
  1404 | D:3      | Found Myfred's Assorted Antiques.
  1407 | D:3      | Bought a scroll labelled TAOSKI NACHAWN for 29 gold pieces
  1445 | D:3      | Found a shadowy altar of Dithmenos.
  1456 | D:3      | Reached *** piety under Zin
  1506 | D:3      | Found a glowing golden altar of the Shining One.
  1514 | D:3      | Reached skill level 4 in Maces & Flails
  1514 | D:3      | Reached XP level 4. HP: 37/37 MP: 4/4
  2292 | D:4      | Noticed an ogre
  2300 | D:4      | Killed an ogre
  2301 | D:4      | Reached skill level 1 in Stealth
  2301 | D:4      | Reached XP level 5. HP: 44/44 MP: 5/5
  2380 | D:4      | Reached skill level 5 in Maces & Flails
  2608 | D:4      | Reached **** piety under Zin
  2839 | D:4      | Found a hazy altar of Hepliaklqana.
  2927 | D:4      | Found a snail-covered altar of Cheibriados.
  3191 | D:5      | Entered Level 5 of the Dungeon
  3241 | D:5      | Reached XP level 6. HP: 47/51 MP: 6/6
  3357 | D:5      | Reached skill level 1 in Shields
  3457 | D:5      | Found an iron altar of Okawaru.
  3638 | D:5      | Your scales start taking on a lurid green colour.
  3638 | D:5      | Reached XP level 7. HP: 57/57 MP: 7/7
  3638 | D:5      | Gained mutation: Your system is resistant to poisons.
                  | (rPois) [Green Draconian growth]
  3950 | D:6      | Zin protects you from harm!
  3958 | D:6      | HP: 1/51 [wight/+4 trident (3)]
  3958 | D:6      | Zin protects you from harm!
  4062 | D:6      | Reached skill level 6 in Maces & Flails
  4252 | D:6      | Found Asut's Book Shop.
  4264 | D:6      | Bought a book of Minor Magic for 176 gold pieces
  4424 | D:6      | Found a runed translucent door.
  4424 | D:6      | Noticed vurker's ghost (novice DjAE)
  4439 | D:6      | Killed from afar by vurker's ghost

Illustrated notes

Levels and vault maps discovered:
D:1:      matt_arrival_los_fun, layout_basic, shapermc_ecumenical_altar_pompeii,
          chequers_serial_rivers_micro_d
D:2:      layout_rooms, hangedman_decor_peaks_small,
          wander_ebering_terrifying_dragon_lair
D:3:      layout_loops_ring, nicolae_dithmenos_the_darkroom,
          nicolae_tso_besieged_by_evil, serial_forest,
          infiniplex_forest_clump_small, infiniplex_forest_end_1,
          infiniplex_forest_clump_medium, infiniplex_forest_zigzag_1,
          infiniplex_forest_straight_2, infiniplex_forest_lined_3, serial_shops,
          shop, amcnicky_mini_rare_corridor_liquid
D:4:      cheibrodos_old_hovel, layout_gridville, general_overflow_altar,
          cheibrodos_worm_habitat, minmay_misc_feat_roman
D:5:      layout_loops_ring, mainiacjoe_overflow_catwalk
D:6:      minmay_flawed_box, layout_basic, gammafunk_ghost_grave, serial_shops,
          shop, shop

Skill      XL: |  1  2  3  4  5  6  7 |
---------------+----------------------+-----
Dodging        | 3 4 |  4.9
Throwing       | 2 |  2.0
Maces & Flails | 4 5 6 |  6.4
Stealth        | 1 2 |  2.2
Fighting       | 3 |  3.9
Shields        | 1 3 |  3.0
Ranged Weapons | |  0.8

Action                     |  1- 3 |  4- 6 |  7- 9 || total
---------------------------+-------+-------+-------++-------
  Melee: Flail             |   100 |   123 |    87 ||   310
         Tailslap          |     8 |    17 |     8 ||    33
   Fire: Sling             |     6 |     4 |       ||    10
  Throw: Throwing net      |       |     1 |       ||     1
 Invoke: Donate Gold       |     1 |       |       ||     1
Ability: Breathe Noxious F |       |       |     3 ||     3
    Use: Potion            |     1 |       |     2 ||     3
         Scroll            |     2 |     6 |     2 ||    10
   Stab: Sleeping          |     2 |     2 |       ||     4
 Armour: Skin              |    57 |    61 |    85 ||   203
  Dodge: Dodged            |    71 |    24 |    46 ||   141
  Block: Tower shield      |       |    54 |    84 ||   138

Table legend: (Time is in decaauts)
 A = Elapsed time spent in this place.
 B = Non-inter-level travel time spent in this place.
 C = Inter-level travel time spent in this place.
 D = Time resting spent in this place.
 E = Time spent auto-exploring this place.
 F = Levels seen in this place.
 G = Mean time per level.
                   A        B        C        D        E       F      G
               +--------+--------+--------+--------+--------+-----+--------+
         Total |   4583 |   4283 |    300 |      0 |   2915 |   6 |  763.8 |
       Dungeon |   4583 |   4283 |    300 |      0 |   2915 |   6 |  763.8 |
               +--------+--------+--------+--------+--------+-----+--------+

Top non-repeatable levels by time:
     D:3: 986 daAuts
     D:4: 931 daAuts
     D:1: 807 daAuts
     D:5: 759 daAuts
     D:6: 555 daAuts
     D:2: 542 daAuts
